 Dungeon Crawl Stone Soup version 0.28-a0-479-g5baa6b73be (webtiles) character file.

Game seed: 13944045376411925883

3 TrogsFancyHat the Grave Robber (level 1, 0/13 HPs)
             Began as a Human Necromancer on Sept 17, 2021.
             Slain by a frilled lizard (2 damage)
             ... on level 1 of the Dungeon.
             The game lasted 00:00:29 (93 turns).

TrogsFancyHat the Grave Robber (Human Necromancer)    Turns: 93, Time: 00:00:30

Health: 0/13       AC:  2    Str:  8    XL:     1   Next: 55%
Magic:  3/3        EV: 12    Int: 15    God:
Gold:   0          SH:  0    Dex: 13    Spells: 3/4 levels left

rFire   . . .      SeeInvis .   b - +0 whip
rCold   . . .      Faith    .   (no shield)
rNeg    . . .      Spirit   .   a - +0 robe
rPois   .          Reflect  .   (no helmet)
rElec   .          Harm     .   (no cloak)
rCorr   .          Rampage  .   (no gloves)
Will    .....                   (no boots)
Stlth   ++........              (no amulet)
HPRegen 0.04/turn               (no ring)
MPRegen 0.08/turn               (no ring)

@: no status effects
A: no striking features
a: no special abilities


You were on level 1 of the Dungeon.
You visited 1 branch of the dungeon, and saw 1 of its levels.

Inventory:

Hand Weapons
 b - a +0 whip (weapon)
Armour
 a - a +0 robe (worn)


   Skills:
 - Level 2.0 Dodging
 - Level 2.0 Stealth
 + Level 2.1 Spellcasting
 + Level 4.1 Necromancy


You had 3 spell levels left.
You knew the following spells:

 Your Spells              Type           Power      Damage    Failure   Level
a - Pain                  Necr           52%        1d6       4%          1

Your spell library contained the following spells:

 Spells                   Type           Power      Damage    Failure   Level
 Animate Skeleton         Necr           26%        N/A       4%          1
 Vampiric Draining        Necr           6%         2d6       12%         3
 Animate Dead             Necr           6%         N/A       38%         4
 Agony                    Necr           13%        N/A       75%         5


Dungeon Overview and Level Annotations

Branches:
Dungeon (1/15)

Altars:


Message History

You barely miss the bat. The bat closely misses you.
A ball python and a kobold come into view.
The bat barely misses you.
You see here 11 gold pieces.
A frilled lizard and an endoplasm come into view.
The bat barely misses you. x2
Found 14 gold pieces.
The ball python hisses angrily.
The endoplasm quivers.
The bat barely misses you.
You hit the bat.
You kill the bat!
You barely miss the kobold. The kobold closely misses you.
You hit the kobold.
The kobold is moderately wounded.
The kobold hits you with a +0 dagger.
The frilled lizard completely misses you.
You hit the kobold.
You kill the kobold!
The frilled lizard bites you but does no damage.
The endoplasm hits you.
You barely miss the ball python. The ball python bites you.
The ball python completely misses you. The frilled lizard misses you.
The endoplasm barely misses you. The ball python closely misses you.
The ball python grabs you. The ball python constricts you.
You barely miss the ball python. The frilled lizard barely misses you.
The endoplasm hits you. The ball python bites you.
* * * LOW HITPOINT WARNING * * *
The ball python constricts you.
* * * LOW HITPOINT WARNING * * *
You are too injured to fight recklessly!
You are too injured to fight recklessly!
You are too injured to fight recklessly!
You are too injured to fight recklessly!
There are monsters nearby!
There are monsters nearby!
You escape the ball python's grasp.
You see here 11 gold pieces.
The frilled lizard bites you.
You die...

# #.....#........#
#.##.##..#........#
#....##..#....<...#
####.##..#......[.# #
..#.##..#........#
###.##.#.##..'........#
#...^..#.##..####+#####
#.#......##.........
#####!######@##.........
#......S$J.l.###########
#+####.#######
......)...# ..........#
..........# $.........#
........... ............


You could see an endoplasm, a ball python and a frilled lizard.

Vanquished Creatures
  A hobgoblin (D:1)
  A bat (D:1)
  A kobold (D:1)
  A rat (D:1)
4 creatures vanquished.

Notes
Turn   | Place    | Note
-------+----------+-------------------------------------------
     0 | D:1      | TrogsFancyHat the Human Necromancer began the quest for the
                  | Orb.
     0 | D:1      | Reached XP level 1. HP: 13/13 MP: 3/3
    93 | D:1      | Slain by a frilled lizard

Illustrated notes

Levels and vault maps discovered:
D:1:      lemuel_arrival_room, layout_basic, minmay_misc_feat_room

Action                   || total
-------------------------++-------
Melee: Whip              ||    12
Armor: Robe              ||     4
Dodge: Dodged            ||    14

Table legend: (Time is in decaauts)
 A = Elapsed time spent in this place.
 B = Non-inter-level travel time spent in this place.
 C = Inter-level travel time spent in this place.
 D = Time resting spent in this place.
 E = Time spent auto-exploring this place.
 F = Levels seen in this place.
 G = Mean time per level.
                   A        B        C        D        E       F      G
               +--------+--------+--------+--------+--------+-----+--------+
         Total |     93 |     93 |      0 |      0 |     44 |   1 |   93.0 |
       Dungeon |     93 |     93 |      0 |      0 |     44 |   1 |   93.0 |
               +--------+--------+--------+--------+--------+-----+--------+

Top non-repeatable levels by time:
     D:1: 93 daAuts
